IL
SCRANTON WB RAILRIDERS @ ROCHESTER RED WINGS
09/13/2045
 
TOP OF THE 1ST
Scranton WB RailRiders batting - Pitching for Rochester Red Wings : RHP Rich Nunez
Pitching: RHP Rich Nunez
Batting: LHB Kazuyoshi Nakamura 0-0: Called Strike
0-1: Swinging Strike
0-2: Ball
1-2: DOUBLE (Line Drive, 9LS, EV 100.6 MPH)
Batting: RHB Jose Garza 0-0: Ball
1-0: Called Strike
1-1: Swinging Strike
1-2: Foul Ball, location: 2F
1-2: Strikes out swinging
Batting: RHB James Boynton 0-0: Called Strike
0-1: Foul Ball, location: 2F
0-2: Ball
1-2: Ball
2-2: Foul Ball, location: 2F
2-2: Ball
3-2: Fly out, F8 (Flyball, 8RD, EV 105.6 MPH)
Batting: RHB Scott King 0-0: Ball
1-0: Ball
2-0: Ball
3-0: Fly out, F8 (Flyball, 8RXD, EV 95.0 MPH)
Top of the 1st over - 0 runs, 1 hit, 0 errors, 1 left on base; Scranton WB 0 - Rochester 0
BOTTOM OF THE 1ST
Rochester Red Wings batting - Pitching for Scranton WB RailRiders : LHP Joel Pacheco
Pitching: LHP Joel Pacheco
Batting: RHB J.J. Powers 0-0: Called Strike
0-1: Called Strike
0-2: Foul Ball, location: 2F
0-2: Foul Ball, location: 2F
0-2: Ball
1-2: Ball
2-2: Ball
3-2: Base on Balls
Batting: RHB Josh Zoglmann 0-0: Called Strike
0-1: Ball
1-1: Called Strike
1-2: Foul Ball, location: 2F
1-2: Foul Ball, location: 2F
1-2: Fly out, F8 (Flyball, 8LM, EV 86.2 MPH)
Batting: LHB Matt Patnaude 0-0: Called Strike
0-1: Ball
1-1: Foul Ball, location: 2F
1-2: Strikes out swinging
Batting: LHB Armando Rendon 0-0: Ball
1-0: Called Strike
1-1: SINGLE (Groundball, 3L, EV 107.5 MPH) (infield hit)
J.J. Powers to second
Batting: SHB Aaron Tatar 0-0: Swinging Strike
0-1: Ball
1-1: Foul Ball, location: 2F
1-2: Ball
2-2: Strikes out looking
Bottom of the 1st over - 0 runs, 1 hit, 0 errors, 2 left on base; Scranton WB 0 - Rochester 0
TOP OF THE 2ND
Scranton WB RailRiders batting - Pitching for Rochester Red Wings : RHP Rich Nunez
Batting: RHB Jarrod Joyce 0-0: Swinging Strike
0-1: Swinging Strike
0-2: Ball
1-2: Ground out 5-3 (Groundball, 56, EV 83.8 MPH)
Batting: LHB Dan Morris 0-0: Fly out, F8 (Flyball, 8RD, EV 86.2 MPH)
Batting: RHB Alejandro Hernandez 0-0: Called Strike
0-1: Ball
1-1: Ball
2-1: Called Strike
2-2: Ball
3-2: Ground out 6-3 (Groundball, 6, EV 86.2 MPH)
Top of the 2nd over - 0 runs, 0 hits, 0 errors, 0 left on base; Scranton WB 0 - Rochester 0
BOTTOM OF THE 2ND
Rochester Red Wings batting - Pitching for Scranton WB RailRiders : LHP Joel Pacheco
Batting: RHB Joe Zimmerman 0-0: Ground out 5-3 (Groundball, 56, EV 100.6 MPH)
Batting: RHB Cesar Yega 0-0: Swinging Strike
0-1: Swinging Strike
0-2: Strikes out swinging
Batting: RHB Brett Steele 0-0: Called Strike
0-1: Foul Ball, location: 2F
0-2: Ball
1-2: Strikes out swinging
Bottom of the 2nd over - 0 runs, 0 hits, 0 errors, 0 left on base; Scranton WB 0 - Rochester 0
TOP OF THE 3RD
Scranton WB RailRiders batting - Pitching for Rochester Red Wings : RHP Rich Nunez
Batting: SHB Victor Ruiz 0-0: Ball
1-0: Swinging Strike
1-1: Ball
2-1: Foul Ball, location: 2F
2-2: Ball
3-2: Fly out, F7 (Flyball, 7, EV 88.1 MPH)
Batting: RHB Jayden Patterson 0-0: Ball
1-0: Called Strike
1-1: Ball
2-1: Ball
3-1: Base on Balls
Pitching: LHP Angel Vidaurri
Batting: LHB Kazuyoshi Nakamura 0-0: Swinging Strike
0-1: Ball
1-1: Foul Ball, location: 2F
1-2: Strikes out swinging
Batting: RHB Jose Garza 0-0: Fielders Choice at 2nd, 5-4 (Groundball, 56, EV 81.2 MPH)
Top of the 3rd over - 0 runs, 0 hits, 0 errors, 1 left on base; Scranton WB 0 - Rochester 0
BOTTOM OF THE 3RD
Rochester Red Wings batting - Pitching for Scranton WB RailRiders : LHP Joel Pacheco
Batting: RHB Alvin Wiederhold 0-0: Ball
1-0: Ground out 5-3 (Groundball, 5, EV 104.4 MPH)
Batting: RHB J.J. Powers 0-0: SINGLE (Line Drive, 8RS, EV 86.9 MPH)
Batting: RHB Josh Zoglmann 0-0: Ball
1-0: Ball
2-0: SINGLE (Line Drive, 89S, EV 106.2 MPH)
J.J. Powers to second
Batting: LHB Matt Patnaude 0-0: Called Strike
J.J. Powers steals 3rd base
Josh Zoglmann to second
0-1: Ball
1-1: Ball
2-1: Called Strike
2-2: Strikes out swinging
Batting: LHB Armando Rendon 0-0: Foul Ball, location: 2F
0-1: Ball
1-1: Ground out U3 (Groundball, 34, EV 86.2 MPH)
Bottom of the 3rd over - 0 runs, 2 hits, 0 errors, 2 left on base; Scranton WB 0 - Rochester 0
TOP OF THE 4TH
Scranton WB RailRiders batting - Pitching for Rochester Red Wings : LHP Angel Vidaurri
Batting: RHB James Boynton 0-0: Swinging Strike
0-1: Ball
1-1: Foul Ball, location: 2F
1-2: Fly out, F8 (Flyball, 78D, EV 101.2 MPH)
Batting: RHB Scott King 0-0: Called Strike
0-1: Foul Ball, location: 2F
0-2: Foul Ball, location: 2F
0-2: Ball
1-2: Ball
2-2: Ball
3-2: Strikes out swinging
Batting: RHB Jarrod Joyce 0-0: Swinging Strike
0-1: Called Strike
0-2: Ground out 3-1 (Groundball, 34, EV 87.5 MPH)
Top of the 4th over - 0 runs, 0 hits, 0 errors, 0 left on base; Scranton WB 0 - Rochester 0
BOTTOM OF THE 4TH
Rochester Red Wings batting - Pitching for Scranton WB RailRiders : LHP Joel Pacheco
Batting: SHB Aaron Tatar 0-0: Called Strike
0-1: Foul Ball, location: 2F
0-2: Fly out, F9 (Flyball, 9S, EV 91.9 MPH)
Batting: RHB Joe Zimmerman 0-0: Called Strike
0-1: DOUBLE (Flyball, 8RXD, EV 92.5 MPH)
Batting: RHB Cesar Yega 0-0: Called Strike
0-1: Called Strike
0-2: Ball
1-2: Strikes out swinging
Batting: RHB Brett Steele 0-0: Ball
1-0: Swinging Strike
1-1: Foul Ball, location: 2F
1-2: Fly out, F3 (Line Drive, 3, EV 76.2 MPH)
Bottom of the 4th over - 0 runs, 1 hit, 0 errors, 1 left on base; Scranton WB 0 - Rochester 0
TOP OF THE 5TH
Scranton WB RailRiders batting - Pitching for Rochester Red Wings : LHP Angel Vidaurri
Batting: LHB Dan Morris 0-0: Called Strike
0-1: Foul Ball, location: 2F
0-2: Foul Ball, location: 2F
0-2: Ball
1-2: Fly out, F9 (Flyball, 9LS, EV 89.4 MPH)
Batting: RHB Alejandro Hernandez 0-0: Reached on error, E3 (Groundball, 34S, EV 82.5 MPH)
Batting: SHB Victor Ruiz 0-0: Ball
1-0: Called Strike
1-1: Ball
2-1: Ball
3-1: Fly out, F8 (Flyball, 8RD, EV 76.2 MPH)
Runner from 1st tags up, SAFE at 2nd
Batting: RHB Jayden Patterson 0-0: Called Strike
0-1: Ball
1-1: Ball
2-1: Ball
3-1: Foul Ball, location: 2F
3-2: Foul Ball, location: 2F
3-2: SINGLE (Groundball, 6S, EV 68.1 MPH) (infield hit)
Alejandro Hernandez to third
Batting: LHB Kazuyoshi Nakamura 0-0: Ball
1-0: Ball
2-0: Ball
3-0: SINGLE (Groundball, 6M, EV 81.9 MPH) (infield hit)
Alejandro Hernandez scores
Jayden Patterson to second
Pitching: RHP Mike Ferry
Batting: RHB Jose Garza 0-0: Ball
1-0: Ground out 4-3 (Groundball, 4, EV 81.2 MPH)
Top of the 5th over - 1 run, 2 hits, 1 error, 2 left on base; Scranton WB 1 - Rochester 0
BOTTOM OF THE 5TH
Rochester Red Wings batting - Pitching for Scranton WB RailRiders : LHP Joel Pacheco
Batting: RHB Alvin Wiederhold 0-0: Ball
1-0: Foul Ball, location: 2F
1-1: Foul Ball, location: 2F
1-2: Ball
2-2: Strikes out looking
Batting: RHB J.J. Powers 0-0: Fly out, F3 (Popup, 3SF, EV 83.8 MPH)
Batting: RHB Josh Zoglmann 0-0: Fly out, F4 (Popup, 34S, EV 78.8 MPH)
Bottom of the 5th over - 0 runs, 0 hits, 0 errors, 0 left on base; Scranton WB 1 - Rochester 0
TOP OF THE 6TH
Scranton WB RailRiders batting - Pitching for Rochester Red Wings : RHP Mike Ferry
Batting: RHB James Boynton 0-0: Called Strike
0-1: Called Strike
0-2: Ball
1-2: Ball
2-2: Ball
3-2: Foul Ball, location: 2F
3-2: Foul Ball, location: 2F
3-2: Ground out 5-3 (Groundball, 5S, EV 61.2 MPH)
Batting: RHB Scott King 0-0: Ball
1-0: Ball
2-0: Called Strike
2-1: Ball
3-1: Called Strike
3-2: Foul Ball, location: 2F
3-2: Foul Ball, location: 2F
3-2: Foul Ball, location: 2F
3-2: Base on Balls
Batting: RHB Jarrod Joyce 0-0: Ball
1-0: Called Strike
1-1: Foul Ball, location: 2F
1-2: Foul Ball, location: 2F
1-2: Ball
2-2: Strikes out swinging
Batting: LHB Dan Morris 0-0: Ball
1-0: Ball
2-0: Fly out, F7 (Line Drive, 7, EV 100.0 MPH)
Top of the 6th over - 0 runs, 0 hits, 0 errors, 1 left on base; Scranton WB 1 - Rochester 0
BOTTOM OF THE 6TH
Rochester Red Wings batting - Pitching for Scranton WB RailRiders : LHP Joel Pacheco
Batting: LHB Matt Patnaude 0-0: Ball
1-0: Ball
2-0: Ball
3-0: Base on Balls
Batting: LHB Armando Rendon 0-0: Ground out 6-3 (Groundball, 4S, EV 93.1 MPH)
Matt Patnaude to second
Batting: SHB Aaron Tatar 0-0: Swinging Strike
0-1: Swinging Strike
0-2: Ground out 2-3 (Groundball, 15S, EV 66.9 MPH)
Matt Patnaude to third
Batting: RHB Joe Zimmerman 0-0: Ball
1-0: Ground out 6-3 (Groundball, 6, EV 82.5 MPH)
Bottom of the 6th over - 0 runs, 0 hits, 0 errors, 1 left on base; Scranton WB 1 - Rochester 0
TOP OF THE 7TH
Scranton WB RailRiders batting - Pitching for Rochester Red Wings : RHP Mike Ferry
Pitching: RHP Antonio Alcaraz
Batting: RHB Alejandro Hernandez 0-0: Called Strike
0-1: Called Strike
0-2: Ball
1-2: Fly out, F8 (Flyball, 8LD, EV 104.4 MPH)
Batting: SHB Victor Ruiz 0-0: Ball
1-0: Ball
2-0: Ball
3-0: Base on Balls
Batting: RHB Jayden Patterson 0-0: Fly out, F8 (Flyball, 8RD, EV 107.5 MPH)
Batting: LHB Kazuyoshi Nakamura 0-0: Called Strike
0-1: Ball
1-1: Swinging Strike
1-2: Foul Ball, location: 2F
1-2: Strikes out looking
Top of the 7th over - 0 runs, 0 hits, 0 errors, 1 left on base; Scranton WB 1 - Rochester 0
BOTTOM OF THE 7TH
Rochester Red Wings batting - Pitching for Scranton WB RailRiders : LHP Joel Pacheco
Batting: RHB Cesar Yega 0-0: Foul Ball, location: 2F
0-1: Ball
1-1: Ball
2-1: Ball
3-1: Base on Balls
Pitching: RHP T.J. McCullough
Batting: RHB Brett Steele 0-0: Ball
1-0: Sac Bunt to 13 - play at first, batter safe!
Cesar Yega to second
Batting: RHB Alvin Wiederhold 0-0: Fielders Choice at 2nd, 1-4 (Groundball, 25, EV 69.4 MPH)
Cesar Yega to third
Batting: RHB J.J. Powers 0-0: Ball
Squeeze bunt is on, Cesar Yega is out
1-1: Ball
2-1: Ball
3-1: Foul Ball, location: 2F
3-2: Foul Ball, location: 2F
3-2: Foul Ball, location: 2F
3-2: Foul Ball, location: 2F
3-2: Foul Ball, location: 2F
3-2: Base on Balls
Alvin Wiederhold to second
Batting: RHB Josh Zoglmann 0-0: Ball
1-0: Ball
2-0: Fly out, F8 (Flyball, 8RXD, EV 106.2 MPH)
Bottom of the 7th over - 0 runs, 1 hit, 0 errors, 2 left on base; Scranton WB 1 - Rochester 0
TOP OF THE 8TH
Scranton WB RailRiders batting - Pitching for Rochester Red Wings : RHP Antonio Alcaraz
Now at C: Kamiel Akkerman
Batting: RHB Jose Garza 0-0: Ball
1-0: Ball
2-0: Foul Ball, location: 2F
2-1: Swinging Strike
2-2: Ground out 6-3 (Groundball, P, EV 84.4 MPH)
Batting: RHB James Boynton 0-0: Ball
1-0: Called Strike
1-1: Ground out 6-3 (Groundball, 6, EV 89.4 MPH)
Batting: RHB Scott King 0-0: Foul Ball, location: 2F
0-1: DOUBLE (Flyball, 89XD, EV 98.8 MPH)
Batting: RHB Jarrod Joyce 0-0: Ball
1-0: Foul Ball, location: 2F
1-1: Called Strike
1-2: Ball
2-2: Strikes out swinging
Top of the 8th over - 0 runs, 1 hit, 0 errors, 1 left on base; Scranton WB 1 - Rochester 0
BOTTOM OF THE 8TH
Rochester Red Wings batting - Pitching for Scranton WB RailRiders : RHP T.J. McCullough
Batting: LHB Matt Patnaude 0-0: Called Strike
0-1: SINGLE (Groundball, 34D, EV 95.6 MPH)
Pitching: RHP Bob Lattin
Pinch Runner at 1st Shu-yen Guo:
Batting: LHB Armando Rendon 0-0: Ball
1-0: Ball
2-0: DOUBLE (Line Drive, 8LXD, EV 102.5 MPH)
Shu-yen Guo to third
Batting: SHB Aaron Tatar 0-0: Ball
1-0: Ball
2-0: Ball
3-0: Base on Balls
Pinch Hitting: LHB Steve Roepke 0-0: Called Strike
0-1: Grounds into fielders choice U2 (Groundball, 2R, EV 70.0 MPH)
Armando Rendon to third
Aaron Tatar to second
Batting: RHB Cesar Yega 0-0: DOUBLE (Flyball, 8LXD, EV 98.8 MPH)
Armando Rendon scores
Aaron Tatar scores
Steve Roepke to third
Batting: SHB Kamiel Akkerman 0-0: Intentional Walk
Batting: RHB Alvin Wiederhold 0-0: Ball
1-0: Called Strike
1-1: Swinging Strike
1-2: Foul Ball, location: 2F
1-2: Fly out, F9 (Flyball, 9, EV 98.8 MPH)
Batting: RHB J.J. Powers 0-0: Ground out 4-3 (Groundball, 4, EV 87.5 MPH)
Bottom of the 8th over - 2 runs, 3 hits, 0 errors, 3 left on base; Scranton WB 1 - Rochester 2
TOP OF THE 9TH
Scranton WB RailRiders batting - Pitching for Rochester Red Wings : RHP Antonio Alcaraz
Pitching: LHP Pete Zamarron
Now in LF: Gustavo Mendiola
Now in CF: Cesar Yega
Now in RF: Steve Roepke
Batting: LHB Dan Morris 0-0: Ball
1-0: Ball
2-0: Called Strike
2-1: Foul Ball, location: 2F
2-2: SINGLE (Line Drive, 78S, EV 107.5 MPH)
Batting: RHB Alejandro Hernandez 0-0: Ball
1-0: Ball
2-0: Called Strike
Balk!
Dan Morris to second
2-1: Ball
3-1: Foul Ball, location: 2F
3-2: Ground out U3 (Groundball, 3, EV 86.9 MPH)
Dan Morris to third
Batting: SHB Victor Ruiz 0-0: Ball
1-0: Called Strike
1-1: Ball
2-1: SINGLE (Line Drive, 7S, EV 97.5 MPH)
Dan Morris scores
Batting: RHB Jayden Patterson 0-0: Called Strike
0-1: Fly out, F8 (Line Drive, 8RD, EV 87.5 MPH)
Pinch Hitting: RHB Bobby Melillo Pickoff Throw to First - Out! 1-3
Top of the 9th over - 1 run, 2 hits, 0 errors, 0 left on base; Scranton WB 2 - Rochester 2
BOTTOM OF THE 9TH
Rochester Red Wings batting - Pitching for Scranton WB RailRiders : RHP Bob Lattin
Now in LF: Victor Ruiz
Now in CF: Joe Fure
Batting: RHB Josh Zoglmann 0-0: Ground out 6-3 (Groundball, 6S, EV 93.1 MPH)
Batting: RHB Gustavo Mendiola 0-0: Called Strike
0-1: Fly out, F8 (Line Drive, 8LM, EV 93.1 MPH)
Batting: LHB Armando Rendon 0-0: Ball
1-0: Called Strike
1-1: Ball
2-1: Foul Ball, location: 2F
2-2: Strikes out swinging
Bottom of the 9th over - 0 runs, 0 hits, 0 errors, 0 left on base; Scranton WB 2 - Rochester 2
TOP OF THE 10TH
Scranton WB RailRiders batting - Pitching for Rochester Red Wings : LHP Pete Zamarron
Batting: SHB Joe Fure 0-0: Ball
1-0: Ball
2-0: Ball
3-0: Base on Balls
Batting: RHB Jose Garza 0-0: Sac Bunt to 3S - play at first, batter OUT! 3-1
Joe Fure to second
Batting: RHB James Boynton 0-0: Called Strike
0-1: Called Strike
0-2: Ball
1-2: Ground out 6-3 (Groundball, 6, EV 81.2 MPH)
Pitching: RHP Isidro Aguirre
Batting: RHB Scott King 0-0: Called Strike
0-1: Ball
1-1: Foul Ball, location: 2F
1-2: Ground out 1-3 (Groundball, 34S, EV 65.6 MPH)
Top of the 10th over - 0 runs, 0 hits, 0 errors, 1 left on base; Scranton WB 2 - Rochester 2
BOTTOM OF THE 10TH
Rochester Red Wings batting - Pitching for Scranton WB RailRiders : RHP Bob Lattin
Pitching: RHP John Robidoux
Batting: SHB Aaron Tatar 0-0: Called Strike
0-1: Foul Ball, location: 2F
0-2: Strikes out looking
Batting: LHB Steve Roepke 0-0: Called Strike
0-1: Ball
1-1: Foul Ball, location: 2F
1-2: Ball
2-2: Ground out 1-3 (Groundball, 15S, EV 66.9 MPH)
Batting: RHB Cesar Yega 0-0: Called Strike
0-1: Swinging Strike
0-2: Ball
1-2: Ball
2-2: Ball
3-2: Strikes out looking
Bottom of the 10th over - 0 runs, 0 hits, 0 errors, 0 left on base; Scranton WB 2 - Rochester 2
TOP OF THE 11TH
Scranton WB RailRiders batting - Pitching for Rochester Red Wings : RHP Isidro Aguirre
Batting: RHB Jarrod Joyce 0-0: DOUBLE (Line Drive, 9LM, EV 95.6 MPH)
Batting: LHB Dan Morris 0-0: Bunted foul
0-1: Ball
1-1: Sac Bunt to 15 - play at first, batter OUT! 1-4
Jarrod Joyce to third
Pinch Hitting: LHB Vinny Pena 0-0: Ball
1-0: Fly out, F3 (Popup, 3SF, EV 83.8 MPH)
Batting: SHB Victor Ruiz 0-0: Ball
1-0: Foul Ball, location: 2F
1-1: Foul Ball, location: 2F
1-2: SINGLE (Groundball, 6D, EV 98.1 MPH)
Jarrod Joyce scores
Batting: RHB Jayden Patterson 0-0: Called Strike
0-1: Called Strike
0-2: Ball
1-2: Foul Ball, location: 2F
1-2: SINGLE (Line Drive, 8RS, EV 88.1 MPH)
Victor Ruiz to second
Pitching: RHP Fernando Macias
Batting: SHB Joe Fure 0-0: Called Strike
0-1: Foul Ball, location: 2F
0-2: SINGLE (Groundball, 34D, EV 108.1 MPH)
Victor Ruiz to third
Jayden Patterson to second
Runner from 3rd tries for Home, throw by RF and OUT! 9-2
Top of the 11th over - 1 run, 4 hits, 0 errors, 2 left on base; Scranton WB 3 - Rochester 2
BOTTOM OF THE 11TH
Rochester Red Wings batting - Pitching for Scranton WB RailRiders : RHP John Robidoux
Now at 1B: Vinny Pena
Batting: SHB Kamiel Akkerman 0-0: Called Strike
0-1: Swinging Strike
0-2: Strikes out looking
DELAY Rain delay of 19 minutes in the 11th inning.
Batting: RHB Alvin Wiederhold 0-0: Foul Ball, location: 2F
0-1: Foul Ball, location: 2F
0-2: Ball
1-2: Ball
2-2: Strikes out swinging
Batting: RHB J.J. Powers 0-0: Ball
1-0: Ball
2-0: Ball
3-0: Base on Balls
Batting: RHB Josh Zoglmann 0-0: Ball
1-0: Fielders Choice at 2nd, 5-4 (Groundball, 5, EV 86.9 MPH)
Bottom of the 11th over - 0 runs, 0 hits, 0 errors, 1 left on base; Scranton WB 3 - Rochester 2
Wednesday, June 22nd , 2022 - OOTP Baseball 23.4 Build 64